[Event "*** SCC Grand Prix: Titled Tuesday Blitz"]
[Site "Chess.com"]
[Date "2020.10.13"]
[Round "1"]
[White "Oleksandr_Bortnyk"]
[Black "smshk35"]
[Result "1-0"]
[WhiteElo "2901"]
[BlackElo "2464"]
[TimeControl "180+1"]
[EndTime "10:01:15 PDT"]
[Termination "Oleksandr_Bortnyk won by resignation"]

1. e4 c5 2. c3 Nf6 3. e5 Nd5 4. d4 cxd4 5. Nf3 e6 6. cxd4 b6 7.
Bc4 Ba6 8. Bxd5 exd5 9. Nc3 d6 10. Qa4+ Qd7 11. Qxd7+ Nxd7 12. Nxd5 O-O-O 13. Bg5 Re8 14. Rc1+ Kb8 15. Nc7 1-0

[Event "*** SCC Grand Prix: Titled Tuesday Blitz"]
[Site "Chess.com"]
[Date "2020.10.13"]
[Round "1"]
[White "tptagain"]
[Black "Castleqweenside7447"]
[Result "1-0"]
[WhiteElo "2865"]
[BlackElo "2452"]
[TimeControl "180+1"]
[EndTime "10:01:29 PDT"]
[Termination "tptagain won by checkmate"]

1. e4 c6 2. Nc3 d5 3. d3 Nf6 4. Bf4 dxe4 5. dxe4 Qa5 6. e5 Nd5 7. Bd2 Nxc3 8. Bxc3 Qc7 9. Bc4 Bf5 10. e6 Bxe6 11.
Bxe6 fxe6 12. Qh5+ Kd8 13. O-O-O+ Kc8 14. Qe8+ Qd8 15. Qxd8# 1-0

[Event "*** SCC Grand Prix: Titled Tuesday Blitz"]
[Site "Chess.com"]
[Date "2020.10.13"]
[Round "1"]
[White "AurumO"]
[Black "RoelandPruijssers"]
[Result "1-0"]
[WhiteElo "1920"]
[BlackElo "2489"]
[TimeControl "180+1"]
[EndTime "10:02:15 PDT"]
[Termination "AurumO won by resignation"]

1. e4 d5 2. exd5 Qxd5 3. Nc3 Qa5 4. d4 Nf6 5. Bd2 Bg4 6. Be2 Bxe2 7. Ngxe2 e6 8. Ne4 Qb6 9. Nxf6+ gxf6 10. Bc3 Nc6 11.
Qd2 O-O-O 12. O-O-O Rg8 13. g3 Qc5 1-0

[Event "*** SCC Grand Prix: Titled Tuesday Blitz"]
[Site "Chess.com"]
[Date "2020.10.13"]
[Round "1"]
[White "kinga2008"]
[Black "FMKonstantin_Twitch"]
[Result "0-1"]
[WhiteElo "2177"]
[BlackElo "2550"]
[TimeControl "180+1"]
[EndTime "10:02:18 PDT"]
[Termination "FMKonstantin_Twitch won by resignation"]

1. e4 d5 2. exd5 Qxd5 3. Nc3 Qe6+ 4. Be2 Qg6 5. Bf3 Nc6 6. Nge2 Bf5 7. Ng3 Bxc2 8. Qe2 O-O-O 9. Bh5 Qf6 10. Nge4 Qe5 11.
Bxf7 Nd4 12. Qg4+ Kb8 13. O-O Nh6 14. Qh5 Nxf7 15. Qxf7 Bxe4 16. Re1 Bg6 17. Rxe5 Bxf7 18. d3 e6 19. Be3 Nc6 20. Rb5 a6 21. Rb3 e5 0-1

[Event "*** SCC Grand Prix: Titled Tuesday Blitz"]
[Site "Chess.com"]
[Date "2020.10.13"]
[Round "1"]
[White "tteshan"]
[Black "BeanScreen"]
[Result "0-1"]
[WhiteElo "2385"]
[BlackElo "2739"]
[TimeControl "180+1"]
[EndTime "10:02:20 PDT"]
[Termination "BeanScreen won by resignation"]

1. e4 e5 2. Nf3 Nc6 3. Bb5 a6 4. Ba4 d6 5. d4 b5 6. Bb3 Nxd4 7. Nxd4 exd4 8. Qxd4 c5 9. Bxf7+ Kxf7 10. Qd5+ Be6 11. Qb7+ Be7 12. O-O Nf6 13. f4 Qd7 14. Qb6 Bd8 0-1

[Event "*** SCC Grand Prix: Titled Tuesday Blitz"]
[Site "Chess.com"]
[Date "2020.10.13"]
[Round "1"]
[White "karwowskikacper"]
[Black "Shubinkirill2003"]
[Result "0-1"]
[WhiteElo "2328"]
[BlackElo "2656"]
[TimeControl "180+1"]
[EndTime "10:02:45 PDT"]
[Termination "Shubinkirill2003 won by resignation"]

1. e4 e6 2. d3 c5 3. Nd2 Nc6 4. g3 g6 5. Bg2 Bg7 6. Ngf3 Nge7 7. O-O O-O 8. Re1 e5 9. c4 d6 10. Nf1 f5 11. Ne3 fxe4 12. dxe4 Nd4 13. Nxd4 cxd4 14. Nd5 Nxd5 15. cxd5 Bd7 16. h4 h6 17. Qb3 Qa5 18. a4 Qxe1+ 0-1

[Event "*** SCC Grand Prix: Titled Tuesday Blitz"]
[Site "Chess.com"]
[Date "2020.10.13"]
[Round "1"]
[White "beto-betun"]
[Black "Andrei_Belozerov"]
[Result "0-1"]
[WhiteElo "2170"]
[BlackElo "2546"]
[TimeControl "180+1"]
[EndTime "10:02:49 PDT"]
[Termination "Andrei_Belozerov won by resignation"]

1. d4 d5 2. Nf3 Nf6 3. c4 c6 4. g3 Bg4 5. Bg2 e6 6. O-O Nbd7 7. b3 Bd6 8. Bb2 O-O 9. Nbd2 Qe7 10. h3 Bh5 11. Rc1 Rfe8 12. Re1 Rad8 13. Ne5 Ba3 14.
Qc2 Nxe5 15. dxe5 Nd7 16. f4 Bg6 17. Qc3 d4 18. Bxa3 dxc3 19. Bxe7 cxd2 20. Bxd8 Rxd8 21.
Rcd1 dxe1=Q+ 22. Rxe1 Nc5 0-1

[Event "*** SCC Grand Prix: Titled Tuesday Blitz"]
[Site "Chess.com"]
[Date "2020.10.13"]
[Round "1"]
[White "seorobert1971"]
[Black "kingandqueen2017"]
[Result "1-0"]
[WhiteElo "2719"]
[BlackElo "2367"]
[TimeControl "180+1"]
[EndTime "10:02:53 PDT"]
[Termination "seorobert1971 won by resignation"]

1. d4 Nf6 2. c4 e6 3. Nc3 Bb4 4. Qc2 O-O 5. a3 Bxc3+ 6. Qxc3 b6 7. Nf3 Bb7 8. g3 Ne4 9. Qc2 f5 10. Bg2 d6 11. O-O Nd7 12. Nd2 Nxd2 13. Bxd2 Bxg2 14.
Kxg2 Nf6 15. Bg5 Qc8 16. Bxf6 Rxf6 17. f4 Qb7+ 18. Kg1 Raf8 19. Rae1 Rh6 20. e4 fxe4 21. Rxe4 Rff6 22. Rfe1 Rfg6 23. d5 Qc8 24. f5 Rf6 25. fxe6 Qe8 26. R4e2 Rhg6 27. Rf2 Rxf2 28. Qxf2 Rf6 29.
Qe3 Qe7 30. a4 a5 31. b3 Rf5 32. Rf1 Rxf1+ 33. Kxf1 Qf6+ 34. Kg2 Kf8 35. Qf3 Ke7 36. Qxf6+ Kxf6 37. Kf3 Ke7 38. g4 Kf6 39. h4 h6 40. h5 Ke7 41. Ke4 Kf6 42. Kf4 Ke7 43. Kf5 1-0

[Event "*** SCC Grand Prix: Titled Tuesday Blitz"]
[Site "Chess.com"]
[Date "2020.10.13"]
[Round "1"]
[White "tlomigtlis"]
[Black "glebus008"]
[Result "1-0"]
[WhiteElo "2633"]
[BlackElo "2299"]
[TimeControl "180+1"]
[EndTime "10:02:55 PDT"]
[Termination "tlomigtlis won by checkmate"]

1. d4 d5 2. c4 e6 3. Nc3 c6 4.
e4 dxe4 5. Nxe4 Bb4+ 6. Bd2 Qxd4 7. Bxb4 Qxe4+ 8. Ne2 Na6 9. Bf8 Ne7 10. Bxg7 Rg8 11.
Bf6 Nb4 12. Qd6 Nc2+ 13. Kd2 Nf5 14. Qd8# 1-0

[Event "*** SCC Grand Prix: Titled Tuesday Blitz"]
[Site "Chess.com"]
[Date "2020.10.13"]
[Round "1"]
[White "rugbyclub"]
[Black "chess94cu"]
[Result "0-1"]
[WhiteElo "2220"]
[BlackElo "2566"]
[TimeControl "180+1"]
[EndTime "10:03:00 PDT"]
[Termination "chess94cu won by resignation"]

1. c4 Nf6 2. Nc3 e5 3. Nf3 Nc6 4. e3 Bb4 5. Qc2 O-O 6. Nd5 Be7 7. Bd3 h6 8. a3 d6 9. Nxe7+ Qxe7 10. Bf5 e4 11. Bxc8 Raxc8 12. Ng1 Ne5 13. b4 Nd3+ 14. Ke2 c6 15. Bb2 d5 16. c5 Nd7 17. Qc3 f5 18.
f4 b6 19. cxb6 Nxb6 20. g4 Na4 0-1

[Event "*** SCC Grand Prix: Titled Tuesday Blitz"]
[Site "Chess.com"]
[Date "2020.10.13"]
[Round "1"]
[White "jens1102"]
[Black "Lagmantr"]
[Result "0-1"]
[WhiteElo "2369"]
[BlackElo "2719"]
[TimeControl "180+1"]
[EndTime "10:03:04 PDT"]
[Termination "Lagmantr won by resignation"]

1. c4 e6 2. g3 Nf6 3. Bg2 d5 4. Nf3 Be7 5. O-O O-O 6. cxd5 exd5 7. d4 c6 8. Nc3 Re8 9. Ne5 Bf8 10.
Bg5 h6 11. Bxf6 Qxf6 12. e4 dxe4 13. Nxe4 Qd8 14. Qb3 Re7 15. Nc5 Rxe5 16. Nxb7 Qxd4 17. Rad1 Qb6 18. Rd8 Qxb3 19. axb3 Bxb7 0-1

[Event "*** SCC Grand Prix: Titled Tuesday Blitz"]
[Site "Chess.com"]
[Date "2020.10.13"]
[Round "1"]
[White "Titus369"]
[Black "Quiet_Desperation"]
[Result "1-0"]
[WhiteElo "2502"]
[BlackElo "1891"]
[TimeControl "180+1"]
[EndTime "10:03:08 PDT"]
[Termination "Titus369 won by resignation"]

1. e4 e6 2. d4 d5 3. Nd2 Nf6 4. e5 Nfd7 5. Bd3 c5 6. c3 Nc6 7. Ne2 cxd4 8. cxd4 f6 9. Nf4 Nxd4 10. Qh5+ Ke7 11. exf6+ Nxf6 12. Ng6+ hxg6 13. Qxh8 Kf7 14. Qh4 e5 15. Nf3 Nxf3+ 16. gxf3 Bf5 17. Bxf5 gxf5 18. Bg5 Qa5+ 19. Kf1 g6 20. Qh8 Qa6+ 21.
Kg2 Re8 22. Rac1 Be7 23. Qh4 Qxa2 24. Rc7 Qxb2 25. Bxf6 1-0

[Event "*** SCC Grand Prix: Titled Tuesday Blitz"]
[Site "Chess.com"]
[Date "2020.10.13"]
[Round "1"]
[White "Parhamov"]
[Black "TudorAnton"]
[Result "1-0"]
[WhiteElo "2952"]
[BlackElo "2485"]
[TimeControl "180+1"]
[EndTime "10:03:09 PDT"]
[Termination "Parhamov won by resignation"]

1. e4 e5 2. Nf3 Nc6 3. Bb5 a6 4. Ba4 Nf6 5. d3 b5 6. Bb3 Bc5 7. a4 Rb8 8. Bg5 h6 9. Bh4 g5 10. Bg3 d6 11. Nc3 Bg4 12. h3 Bxf3 13. Qxf3 Nd4 14.
Qd1 c6 15. Ba2 O-O 16. O-O Kg7 17. axb5 axb5 18. Ne2 Nxe2+ 19. Qxe2 Qb6 20. c3 Ra8 21. b4 1-0

[Event "*** SCC Grand Prix: Titled Tuesday Blitz"]
[Site "Chess.com"]
[Date "2020.10.13"]
[Round "1"]
[White "ApacheSVD"]
[Black "Witik"]
[Result "0-1"]
[WhiteElo "2394"]
[BlackElo "2759"]
[TimeControl "180+1"]
[EndTime "10:03:32 PDT"]
[Termination "Witik won by resignation"]

1. e4 c5 2. Nf3 Nc6 3. Nc3 g6 4. d4 cxd4 5. Nxd4 Bg7 6. Be3 Nf6 7. Nxc6 bxc6 8. e5 Ng8 9. Bd4 f6 10. f4 fxe5 11. fxe5 Qa5 12. Qe2 Nh6 13. O-O-O Nf5 14. g4 Nxd4 15. Rxd4 Qxe5 16. Re4 Qg5+ 17. Kb1 Rb8 18. Ka1 Qc1+ 0-1

[Event "*** SCC Grand Prix: Titled Tuesday Blitz"]
[Site "Chess.com"]
[Date "2020.10.13"]
[Round "1"]
[White "Region_07"]
[Black "vanea_03"]
[Result "0-1"]
[WhiteElo "2348"]
[BlackElo "2689"]
[TimeControl "180+1"]
[EndTime "10:03:39 PDT"]
[Termination "vanea_03 won by resignation"]

1. d4 f5 2. Nf3 Nf6 3. c4 e6 4. Nc3 Bb4 5. Bd2 O-O 6. e3 b6 7.
a3 Bxc3 8. Bxc3 d6 9. Be2 Bb7 10.
Qc2 a5 11. O-O-O Ne4 12. Bd3 a4 13. Rdf1 Nd7 14. Nd2 Nxc3 15. Qxc3 Bxg2 16. Rhg1 Bxf1 17. Bxf1 Qh4 18. d5 e5 19. f4 Rae8 20. Bd3 Re7 21. Qc2 exf4 22. exf4 Re1+ 23. Rxe1 Qxe1+ 0-1

[Event "*** SCC Grand Prix: Titled Tuesday Blitz"]
[Site "Chess.com"]
[Date "2020.10.13"]
[Round "1"]
[White "Karacsonyi_Gellert"]
[Black "VladimirBugayev"]
[Result "0-1"]
[WhiteElo "2631"]
[BlackElo "2335"]
[TimeControl "180+1"]
[EndTime "10:03:39 PDT"]
[Termination "VladimirBugayev won by resignation"]

1. e4 c6 2. d4 d5 3. exd5 cxd5 4.
Bd3 Nf6 5. c3 Bg4 6. Ne2 Nc6 7.
Qb3 Qd7 8. Ng3 h5 9. h3 Be6 10. O-O h4 11. Ne2 Bxh3 12. gxh3 Qxh3 13. f3 O-O-O 14. Rf2 Rd6 15. Bf4 Re6 16. Nd2 Ne4 17.
fxe4 Rg6+ 0-1

[Event "*** SCC Grand Prix: Titled Tuesday Blitz"]
[Site "Chess.com"]
[Date "2020.10.13"]
[Round "1"]
[White "Rodalquilar"]
[Black "markberk"]
[Result "1/2-1/2"]
[WhiteElo "2766"]
[BlackElo "2412"]
[TimeControl "180+1"]
[EndTime "10:03:53 PDT"]
[Termination "Game drawn by agreement"]

1. d4 Nf6 2. Bf4 d6 3. Nc3 g6 4. e4 Bg7 5. Nf3 Bg4 6. Be2 O-O 7.
O-O Nc6 8. d5 Bxf3 9. Bxf3 Ne5 10.
Be2 c6 11. Be3 cxd5 12. exd5 Rc8 13. Bd4 a6 14. a4 Qa5 15. f4 Nc4 16. b3 Ne3 17.
Bxe3 Qxc3 1/2-1/2

[Event "*** SCC Grand Prix: Titled Tuesday Blitz"]
[Site "Chess.com"]
[Date "2020.10.13"]
[Round "1"]
[White "elisak43"]
[Black "WiktoriaPOL"]
[Result "1-0"]
[WhiteElo "2515"]
[BlackElo "2053"]
[TimeControl "180+1"]
[EndTime "10:04:02 PDT"]
[Termination "elisak43 won by checkmate"]

1. d4 Nf6 2. Nf3 g6 3. Bg5 Bg7 4. Qc1 h6 5. Bf4 d6 6. Nc3 Nbd7 7. e4 g5 8. Bg3 O-O 9. Bc4 e6 10. Bb3 Qe7 11. h4 g4 12. Nh2 h5 13. Qe3 Kh7 14. f3 Bh6 15. Qe2 gxf3 16. Nxf3 e5 17. Ng5+ Kg6 18.
O-O Bxg5 19. hxg5 Kxg5 20. Nd5 Nxd5 21. Rf5+ Kg6 22. Qxh5+ Kg7 23. Rg5+ Kf6 24. Qh6# 1-0

[Event "*** SCC Grand Prix: Titled Tuesday Blitz"]
[Site "Chess.com"]
[Date "2020.10.13"]
[Round "1"]
[White "TheMagnet"]
[Black "FMalexhdez"]
[Result "1-0"]
[WhiteElo "2596"]
[BlackElo "2260"]
[TimeControl "180+1"]
[EndTime "10:04:03 PDT"]
[Termination "TheMagnet won by resignation"]

1. d4 Nf6 2. c4 e6 3. Nc3 Bb4 4. f3 c5 5. d5 O-O 6. e4 exd5 7. cxd5 d6 8. Ne2 b5 9. a4 bxa4 10. Qxa4 Nbd7 11. Ng3 Ne5 12. Be2 Bd7 13. Qc2 h5 14.
Bg5 g6 15. O-O Kg7 16. f4 Neg4 17. Bxg4 Bxg4 18. e5 dxe5 19. fxe5 Qb6 20. Bxf6+ Kh7 21. h3 c4+ 22. Kh2 h4 23. Bxh4 1-0

[Event "*** SCC Grand Prix: Titled Tuesday Blitz"]
[Site "Chess.com"]
[Date "2020.10.13"]
[Round "1"]
[White "HrvojeZagreb"]
[Black "ThePatrick27"]
[Result "1-0"]
[WhiteElo "2152"]
[BlackElo "2513"]
[TimeControl "180+1"]
[EndTime "10:04:05 PDT"]
[Termination "HrvojeZagreb won by checkmate"]

1. d4 Nf6 2. Bf4 d6 3. Nc3 g6 4. e4 Bg7 5. Qd2 O-O 6. O-O-O c6 7. Bh6 Nbd7 8. h4 Qa5 9. h5 e5 10. Bxg7 Kxg7 11. hxg6 fxg6 12. Qh6+ Kg8 13. Bc4+ d5 14. exd5 cxd5 15. Nxd5 Rf7 16. dxe5 Ng4 17. Ne7+ Kh8 18.
Nxg6+ Kg8 19. Qxh7# 1-0

[Event "*** SCC Grand Prix: Titled Tuesday Blitz"]
[Site "Chess.com"]
[Date "2020.10.13"]
[Round "1"]
[White "Sergey85Rodchenkov"]
[Black "Infernal_XaM"]
[Result "0-1"]
[WhiteElo "2455"]
[BlackElo "2878"]
[TimeControl "180+1"]
[EndTime "10:04:11 PDT"]
[Termination "Infernal_XaM won by resignation"]

1. e4 e5 2. Nf3 Nc6 3. Bc4 Nf6 4. d3 Bc5 5. O-O d6 6. c3 Bb6 7. Re1 h6 8. Nbd2 g5 9. Nf1 g4 10. N3d2 h5 11. Ne3 h4 12. Ndf1 Bd7 13. b4 a6 14.
a4 Qe7 15. a5 Ba7 16. b5 axb5 17. Bxb5 Qf8 18. a6 Rb8 19. axb7 Rxb7 20. Bxc6 Bxc6 21. d4 g3 22. Qf3 Nxe4 23. d5 gxf2+ 0-1

[Event "*** SCC Grand Prix: Titled Tuesday Blitz"]
[Site "Chess.com"]
[Date "2020.10.13"]
[Round "1"]
[White "Ind1anStar"]
[Black "Guenplen"]
[Result "0-1"]
[WhiteElo "2448"]
[BlackElo "2849"]
[TimeControl "180+1"]
[EndTime "10:04:14 PDT"]
[Termination "Guenplen won by resignation"]

1. c4 e6 2. Nf3 d5 3. e3 Nf6 4. Nc3 dxc4 5. Bxc4 a6 6. d4 b5 7. Bd3 Bb7 8. O-O Nbd7 9. Qe2 c5 10. Rd1 Qb8 11. e4 cxd4 12. Nxd4 Bd6 13. g3 O-O 14. a3 Rd8 15. Bc2 Ne5 16. Bf4 h6 17. h4 Bc7 18.
Nb3 Nfd7 19. Rac1 Nc4 20. Bxc7 Qxc7 21. Nd4 Nxb2 22. Bb3 Nxd1 23. Bxd1 Ne5 0-1

[Event "*** SCC Grand Prix: Titled Tuesday Blitz"]
[Site "Chess.com"]
[Date "2020.10.13"]
[Round "1"]
[White "Abdimalik_Abdisalimov"]
[Black "Das_Virus_2020"]
[Result "0-1"]
[WhiteElo "2737"]
[BlackElo "2404"]
[TimeControl "180+1"]
[EndTime "10:04:18 PDT"]
[Termination "Das_Virus_2020 won on time"]

1. d4 Nf6 2. c4 c5 3. d5 b5 4.
cxb5 a6 5. bxa6 g6 6. Nc3 Bxa6 7. e4 Bxf1 8. Kxf1 d6 9. g3 Nbd7 10. Kg2 Bg7 11. Nf3 O-O 12. h3 Qb6 13. Re1 Rfb8 14.
e5 dxe5 15. Nxe5 Nxe5 16. Rxe5 Qb7 17. Qf3 Rd8 18. Bg5 h6 19. Bxf6 Bxf6 0-1

[Event "*** SCC Grand Prix: Titled Tuesday Blitz"]
[Site "Chess.com"]
[Date "2020.10.13"]
[Round "1"]
[White "Larina_Marija"]
[Black "TomiLen"]
[Result "1/2-1/2"]
[WhiteElo "2258"]
[BlackElo "2582"]
[TimeControl "180+1"]
[EndTime "10:04:18 PDT"]
[Termination "Game drawn by agreement"]

1. e4 e6 2. d4 d5 3. Nc3 Nf6 4. Bg5 dxe4 5. Nxe4 Nbd7 6. Nf3 Be7 7. Nxf6+ Bxf6 8. Bxf6 Nxf6 9. Bd3 b6 10. O-O O-O 11. c3 Bb7 12. Ne5 c5 13. dxc5 Qc7 14. Qe2 Qxc5 15. Rad1 Rad8 16. Ng4 Nxg4 17. Qxg4 g6 18. h4 Rd6 19. Bc2 Rfd8 20. Rxd6 Rxd6 21. Rd1 Rxd1+ 22. Qxd1 Bd5 23. a3 Qe7 24. Qg4 Qf6 25. h5 Kg7 26. hxg6 hxg6 27. Be4 1/2-1/2

[Event "*** SCC Grand Prix: Titled Tuesday Blitz"]
[Site "Chess.com"]
[Date "2020.10.13"]
[Round "1"]
[White "vlad_Sid"]
[Black "AndreyNeves"]
[Result "1-0"]
[WhiteElo "2582"]
[BlackElo "2248"]
[TimeControl "180+1"]
[EndTime "10:04:19 PDT"]
[Termination "vlad_Sid won by resignation"]

1. c4 e6 2. g3 d5 3. Bg2 Nf6 4. Nf3 b6 5. O-O Bb7 6. d4 Nbd7 7. Qc2 Bd6 8. Nfd2 O-O 9. Nc3 c5 10. dxc5 bxc5 11. cxd5 exd5 12. Nc4 Bb8 13. Ne3 Nb6 14.
Rd1 Re8 15. Nexd5 Nfxd5 16. e4 Qe7 17. exd5 Qe1+ 18. Bf1 Ba6 19. Be3 1-0

[Event "*** SCC Grand Prix: Titled Tuesday Blitz"]
[Site "Chess.com"]
[Date "2020.10.13"]
[Round "1"]
[White "margarita_2703"]
[Black "abhidabhi"]
[Result "0-1"]
[WhiteElo "2398"]
[BlackElo "2762"]
[TimeControl "180+1"]
[EndTime "10:04:25 PDT"]
[Termination "abhidabhi won by checkmate"]

1. Nf3 Nf6 2. c4 g6 3. Nc3 c5 4.
d4 cxd4 5. Nxd4 Bg7 6. e4 Nc6 7. Be3 d6 8. Be2 O-O 9. O-O Bd7 10. Nd5 Nxd5 11. exd5 Nxd4 12. Bxd4 a6 13. Re1 e5 14.
dxe6 Bxe6 15. Bxg7 Kxg7 16. Qd4+ Qf6 17. Rad1 Rfd8 18.
Bf3 Rac8 19. b3 b5 20. cxb5 axb5 21. Qb6 Rc2 22. Rxd6 Qe5 23. Rdd1 Rxd1 24. Rxd1 Rxa2 25. b4 Ra1 26. Qd8 Qe1+ 27. Rxe1 Rxe1# 0-1

[Event "*** SCC Grand Prix: Titled Tuesday Blitz"]
[Site "Chess.com"]
[Date "2020.10.13"]
[Round "1"]
[White "AlexeiShirov"]
[Black "simplerXiao"]
[Result "1-0"]
[WhiteElo "2846"]
[BlackElo "2442"]
[TimeControl "180+1"]
[EndTime "10:04:26 PDT"]
[Termination "AlexeiShirov won by resignation"]

1. e4 d5 2. exd5 Qxd5 3. Nc3 Qd8 4. d4 Nf6 5. Bc4 Bf5 6. Nge2 e6 7. Ng3 Bg6 8. f4 Bb4 9. O-O O-O 10. f5 exf5 11.
Nxf5 c5 12. d5 a6 13. a4 Nbd7 14. d6 Ne5 15. Ne7+ Kh8 16. Bg5 Nxc4 17. Rxf6 Nxb2 18. Qf3 Nc4 19. Rf1 Ne5 20. Qg3 Bxc3 21. Qxc3 Ng4 22. Nxg6+ hxg6 23. Rxf7 Nf6 24. R1xf6 1-0

[Event "*** SCC Grand Prix: Titled Tuesday Blitz"]
[Site "Chess.com"]
[Date "2020.10.13"]
[Round "1"]
[White "fabianvivasz"]
[Black "cassoulet"]
[Result "0-1"]
[WhiteElo "2367"]
[BlackElo "2712"]
[TimeControl "180+1"]
[EndTime "10:04:26 PDT"]
[Termination "cassoulet won by resignation"]

1. e4 e6 2. d4 d5 3. Nd2 c5 4.
Ngf3 cxd4 5. Nxd4 Nc6 6. Bb5 Bd7 7. Bxc6 bxc6 8. O-O Bd6 9. Re1 e5 10. exd5 cxd5 11.
N4f3 f6 12. Nc4 Be6 13. Nxd6+ Qxd6 14. Bf4 Ne7 15. Nxe5 fxe5 16. Bxe5 Qd7 17. Bxg7 Rg8 18. Qh5+ Bf7 19. Qh4 Rxg7 20. Re5 Kf8 21. Rae1 Ng6 22. Qb4+ Kg8 23. R5e3 d4 24. Rg3 Re8 0-1

[Event "*** SCC Grand Prix: Titled Tuesday Blitz"]
[Site "Chess.com"]
[Date "2020.10.13"]
[Round "1"]
[White "1977Ivan"]
[Black "KatarinaOstojic"]
[Result "1-0"]
[WhiteElo "2672"]
[BlackElo "2334"]
[TimeControl "180+1"]
[EndTime "10:04:29 PDT"]
[Termination "1977Ivan won by resignation"]

1. c4 f5 2. d4 d6 3. Nc3 Nf6 4. Bg5 Nbd7 5. Qc2 g6 6. Nh3 Bg7 7. O-O-O O-O 8. Nf4 Nb8 9. h4 Ng4 10. e3 Nc6 11. c5 Qe8 12. Bc4+ Kh8 13. h5 gxh5 14.
Rxh5 e5 15. Rdh1 h6 16. Bxh6 Nxh6 17. Rxh6+ Bxh6 18. Rxh6+ Kg7 19. Rg6+ Kh7 20. Qd1 Qxg6 21. Nxg6 Kxg6 22. cxd6 cxd6 23. dxe5 dxe5 24. Qd6+ Rf6 25. Qc7 e4 26. Nd5 Rf8 27. Qg3+ Kh7 28. Qh4+ Kg7 29. Qg5+ Kh8 30. Qh6+ 1-0

[Event "*** SCC Grand Prix: Titled Tuesday Blitz"]
[Site "Chess.com"]
[Date "2020.10.13"]
[Round "1"]
[White "Sven_Tica"]
[Black "Pavalamalli"]
[Result "1-0"]
[WhiteElo "2642"]
[BlackElo "2310"]
[TimeControl "180+1"]
[EndTime "10:04:30 PDT"]
[Termination "Sven_Tica won by resignation"]

1. d4 Nf6 2. c4 e6 3. g3 c5 4. d5 exd5 5. cxd5 d6 6. Nc3 g6 7. Bg2 Bg7 8. Nf3 O-O 9. O-O Re8 10.
Re1 a6 11. a4 Bf5 12. Nd2 Nbd7 13. e4 Qe7 14. Nc4 Nf8 15. Bf4 Bg4 16. f3 Bd7 17.
Bxd6 Qd8 18. Bxc5 b5 19. Nd6 Qc7 20. b4 Red8 21. e5 Ne8 22. Nxe8 Rxe8 23. f4 bxa4 24.
d6 Qc8 25. Nd5 Bc6 26. Ne7+ Rxe7 27. dxe7 Nd7 28. e8=Q+ Qxe8 29. Bxc6 Rd8 30. Qxa4 Qe6 31. Rad1 Nxc5 32. Rxd8+ Bf8 33. bxc5 Kg7 34. Rxf8 Kxf8 35.
Bd7 Qd5 36. c6 Qc5+ 37. Kg2 Qd5+ 38. Qe4 Qa2+ 39. Re2 1-0

[Event "*** SCC Grand Prix: Titled Tuesday Blitz"]
[Site "Chess.com"]
[Date "2020.10.13"]
[Round "1"]
[White "CrazyMartian"]
[Black "Fighter008"]
[Result "0-1"]
[WhiteElo "2299"]
[BlackElo "2633"]
[TimeControl "180+1"]
[EndTime "10:04:30 PDT"]
[Termination "Fighter008 won by resignation"]

1. d4 Nf6 2. Bg5 c5 3. Bxf6 gxf6 4. d5 Qb6 5. Qc1 f5 6. e3 d6 7. g3 Bg7 8. c3 Nd7 9. Nf3 Nf6 10. c4 Ne4 11.
Nc3 Qa5 12. Bd3 Nxc3 13. bxc3 Qxc3+ 14. Qxc3 Bxc3+ 15. Ke2 Bxa1 16. Rxa1 e6 17. Rb1 b6 18. h4 Bd7 19. Ng5 h6 20. Nh3 Ke7 21. a3 Rab8 22. Nf4 Rhg8 23. Rh1 a6 24. Kf3 e5 0-1

[Event "*** SCC Grand Prix: Titled Tuesday Blitz"]
[Site "Chess.com"]
[Date "2020.10.13"]
[Round "1"]
[White "TorFredrikKaasen"]
[Black "Cocaino74"]
[Result "1-0"]
[WhiteElo "2706"]
[BlackElo "2361"]
[TimeControl "180+1"]
[EndTime "10:04:36 PDT"]
[Termination "TorFredrikKaasen won by resignation"]

1. d4 d5 2. c4 e6 3. Nf3 c6 4. g3 dxc4 5. Bg2 b5 6. O-O Bb7 7.
b3 cxb3 8. axb3 Nf6 9. Ne5 Nfd7 10. Qc2 Qc7 11. Nc3 Nxe5 12. dxe5 b4 13. Ne4 Qxe5 14. Bf4 Qf5 15. Rfd1 Be7 16. Bd6 Nd7 17. Bxe7 Kxe7 18. Qd2 Bc8 19. Qd6+ Ke8 20. Qxc6 1-0

[Event "*** SCC Grand Prix: Titled Tuesday Blitz"]
[Site "Chess.com"]
[Date "2020.10.13"]
[Round "1"]
[White "szachuspl"]
[Black "BikingBrian"]
[Result "1-0"]
[WhiteElo "2558"]
[BlackElo "2205"]
[TimeControl "180+1"]
[EndTime "10:04:38 PDT"]
[Termination "szachuspl won by checkmate"]

1. d4 Nf6 2. c4 g6 3. Nc3 Bg7 4.
e4 d6 5. Nf3 O-O 6. Be2 Na6 7.
Be3 e5 8. d5 Nc5 9. Nd2 a5 10. a3 a4 11. Bxc5 dxc5 12. Nxa4 b6 13. Nc3 Ne8 14. Qc2 f5 15. O-O-O Nd6 16. Kb1 Bd7 17. f3 Bh6 18. Bd3 Bxd2 19. Qxd2 f4 20.
Qe2 g5 21. Qc2 Qe8 22. Rc1 Kh8 23. Ka2 Rg8 24. g4 Kg7 25. h4 h6 26. hxg5 hxg5 27. Rh5 Qe7 28. Rch1 Rh8 29. Qh2 Nf7 30. Rh7+ Rxh7 31.
Qxh7+ Kf6 32. d6 Qxd6 33. Nd5+ Ke6 34. Qf5# 1-0

[Event "*** SCC Grand Prix: Titled Tuesday Blitz"]
[Site "Chess.com"]
[Date "2020.10.13"]
[Round "1"]
[White "Kaslask"]
[Black "BursaBBSatranc"]
[Result "0-1"]
[WhiteElo "2273"]
[BlackElo "2603"]
[TimeControl "180+1"]
[EndTime "10:04:40 PDT"]
[Termination "BursaBBSatranc won by resignation"]

1. c4 c6 2. d4 d5 3. Nc3 Nf6 4. e3 a6 5. Qc2 b5 6. b3 g6 7. Bb2 Bf5 8. Bd3 Bxd3 9. Qxd3 Bg7 10. Nf3 Nbd7 11. O-O O-O 12. Ne5 Rc8 13. f4 e6 14.
c5 a5 15. Ne2 Ne4 16. Nc3 Ndf6 17. Nxe4 Nxe4 18. a3 Bxe5 19. dxe5 Nxc5 20. Qc2 Ne4 21.
Rac1 c5 22. Bc3 b4 23. Be1 Qb6 24. axb4 axb4 25. Bh4 c4 26. bxc4 Qxe3+ 27. Kh1 Rxc4 28. Qb1 Nd2 29. Qb2 Nxf1 30. Rxf1 Rxf4 0-1

[Event "*** SCC Grand Prix: Titled Tuesday Blitz"]
[Site "Chess.com"]
[Date "2020.10.13"]
[Round "1"]
[White "queen_iryna"]
[Black "Maksimus1998"]
[Result "0-1"]
[WhiteElo "2281"]
[BlackElo "2617"]
[TimeControl "180+1"]
[EndTime "10:04:43 PDT"]
[Termination "Maksimus1998 won by resignation"]

1. e4 c5 2. Nf3 a6 3. c4 Nc6 4. Nc3 Nd4 5. g3 g6 6. Bg2 Bg7 7. O-O d6 8. d3 e6 9. Be3 Ne7 10. Nd2 O-O 11. f4 Rb8 12. Nf3 b5 13. e5 Nef5 14. Bxd4 cxd4 15. Ne4 Ne3 16. Qe2 Nxf1 17.
Rxf1 dxe5 18. fxe5 bxc4 19. dxc4 d3 20. Qd2 Bb7 21.
Nf6+ Bxf6 22. exf6 Qxf6 23. Qxd3 Bxf3 24. Bxf3 Rfd8 25.
Qa3 Qxb2 26. Qxa6 Qd4+ 27. Kh1 Rb2 28. Qa3 Qd2 0-1